Cogmind - Beta 10.2 @@@ ROGUE MODE // 2021.09.12 @ 16:58:21 Player: John_Oxford Result: Destroyed by as-75694 with Assembled Blade Performance ------------- Evolutions (1) 500 Regions Visited (3) 600 Robots Destroyed (17) 85 Value Destroyed (451) 451 Prototype IDs (2) 40 Alien Tech Used (0) 0 Bonus (0) 0 TOTAL SCORE: 1676 Bonus ------- None Cogmind --------- Core Integrity 0/400 Matter 272/300 Energy 52/100 System Corruption 5% Temperature Cool (0) Movement Core (400) Ox7 Location -9/Mines Parts ------- > --- POWER (1) -------- (None) > --- PROPULSION (2) --- (None) > --- UTILITY (4) ------ Small Storage Unit Large Storage Unit > --- WEAPON (2) ------- Heavy Assault Rifle > --- INVENTORY (12) --- Ion Engine Improved Ion Engine Light Nuclear Core Aluminum Leg Aluminum Leg Medium Storage Unit Light Armor Plating Light Assault Rifle Peak State ------------ > --- POWER ------------ Cooled Ion Engine > --- PROPULSION ------- Aluminum Leg Aluminum Leg > --- UTILITY ---------- Small Storage Unit Large Storage Unit Large Matter Pod ECM Suite > --- WEAPON ----------- Beam Cannon Assault Rifle > --- INVENTORY -------- Ion Engine Improved Ion Engine Light Nuclear Core Aluminum Leg Aluminum Leg Medium Storage Unit Light Armor Plating Beam Cannon Light Assault Rifle Heavy Assault Rifle Heavy Hammer [Rating: 12] Favorites ----------- Power Ion Engine Engine Ion Engine Propulsion Aluminum Leg Treads Light Treads Leg Aluminum Leg Wheel Wheel Utility Small Storage Unit Device ECM Suite Storage Small Storage Unit Weapon Assault Rifle Energy Gun Improved Medium Laser Energy Cannon Beam Cannon Ballistic Gun Assault Rifle Impact Weapon Heavy Hammer Build | -11 -10 -9 -9 ------- Run | Scr Mat Mat Min Slots Evolved 2 | . . 2 . Power . | . . . . Propulsion . | . . . . Utility 2 | . . 2 . Weapon . | . . . . Parts Attached 18 | 9 1 5 3 Power 2 | 1 . 1 . Engine 2 | 1 . 1 . Core . | . . . . Reactor . | . . . . Propulsion 5 | 5 . . . Treads 1 | 1 . . . Leg 3 | 3 . . . Wheel 1 | 1 . . . Hover . | . . . . Flight . | . . . . Utility 4 | 1 1 2 . Device 1 | . . 1 . Storage 3 | 1 1 1 . Processor . | . . . . Hackware . | . . . . Protection . | . . . . Artifact . | . . . . Weapon 7 | 2 . 2 3 Energy Gun 1 | . . . 1 Energy Cannon 2 | . . 2 . Ballistic Gun 3 | 2 . . 1 Ballistic Cannon . | . . . . Launcher . | . . . . Special Weapon . | . . . . Impact Weapon 1 | . . . 1 Slashing Weapon . | . . . . Piercing Weapon . | . . . . Special Melee Weapon . | . . . . Unidentified Prototypes 2 | . . 1 1 Parts Lost 8 | . . 1 7 Power 1 | . . . 1 Propulsion 2 | . . . 2 Utility 2 | . . . 2 Weapon 3 | . . 1 2 Highest Loss Streak 7 | . . 1 7 Average Slot Usage (%) 92 | . 90 96 71 Engine 11 | . 14 11 5 Leg 23 | . 28 22 7 Device 4 | . . 7 9 Storage 27 | . 18 33 29 Energy Cannon 7 | . . 12 11 Ballistic Gun 16 | . 28 9 1 Naked Turns . | . . . . Heaviest Build 38 | 12 28 38 38 Greatest Support 20 | 20 20 20 10 Greatest Overweight (x) 3 | . 1 1 3 Average Overweight (x) . | . . 1 3 Largest Inventory Capacity 12 | 6 12 12 12 Average Capacity 9 | 4 8 12 12 Most Carried 12 | 4 7 12 11 Average Carried 7 | 3 6 9 10 Final Capacity 12 | 6 12 12 12 Final Carried 11 | 4 7 11 8 Class Distribution -------------------- 100% | Mutant Dominant Class ---------------- Mutant | -10/Materials Mutant | -9/Materials Mutant | -9/Mines Resources | -11 -10 -9 -9 ----------- Run | Scr Mat Mat Min Matter Collected 626 | 264 131 191 40 Remotely . | . . . . Salvage Created 560 | . 208 285 67 Parts 34 | . 13 20 1 Haulers Intercepted . | . . . . Recyclers Shooed 1 | . 1 . . Parts Field Recycled . | . . . . Retrieved Matter . | . . . . Parts Self-Destructed . | . . . . Prevented . | . . . . Kills | -11 -10 -9 -9 ------- Run | Scr Mat Mat Min Combat Hostiles Destroyed 18 | . 7 6 5 Melee 1 | . . . 1 Guns 9 | . 7 1 1 Cannons 8 | . . 5 3 Classes Destroyed 5 | . 2 2 1 Watcher 1 | . . 1 . Swarmer 6 | . 3 . 3 Grunt 8 | . 4 4 . Sentry 2 | . . 2 . Assembled 2 | . . . 2 Best Kill Streak 3 | . 3 2 3 Combat Bots Only 3 | . 3 2 3 Max Kills in Single Turn 1 | . 1 1 1 Gunslinging . | . . . . Exploded . | . . . . Melee 1 | . . . 1 Uniques/NPCs Destroyed . | . . . . Combat | -11 -10 -9 -9 -------- Run | Scr Mat Mat Min Damage Taken 1460 | . 171 256 1033 Core 467 | . 35 39 393 Absorbed by Shields . | . . . . Core Remaining (%) 93 | 100 86 . . Volleys Fired 66 | 2 22 25 17 Largest 2 | 2 2 2 2 Hottest 120 | 40 40 80 120 Shots Fired 122 | 3 44 49 26 Gun 81 | 3 44 24 10 Cannon 41 | . . 25 16 Launcher . | . . . . Special . | . . . . Kinetic 77 | 3 44 24 6 Thermal 45 | . . 25 20 Explosive . | . . . . Electromagnetic . | . . . . Robot Hit Streak 13 | 2 4 10 13 Robot Miss Streak 8 | 1 8 4 2 Penetration Max . | . . . . Secondary Targets . | . . . . Shots Hit Robots 72 | 2 20 31 19 Core Hits 28 | . 11 11 6 Critical Hits . | . . . . Critical Kills . | . . . . Critical Parts Destroyed . | . . . . Melee Attacks 3 | . . . 3 Impact 3 | . . . 3 Slashing . | . . . . Piercing . | . . . . Sneak Attacks . | . . . . Combat Hostiles . | . . . . Follow-up Attacks . | . . . . Damage Inflicted 1094 | 19 247 480 348 Guns 512 | 19 247 166 80 Cannons 542 | . . 314 228 Explosions . | . . . . Melee 40 | . . . 40 Ramming . | . . . . Kinetic 478 | 19 247 166 46 Thermal 576 | . . 314 262 Explosive . | . . . . Electromagnetic . | . . . . Impact 40 | . . . 40 Slashing . | . . . . Piercing . | . . . . Highest Corruption 5 | . . . 5 Average Corruption 5 | . . . 5 Corruption Purged . | . . . . Overload Shots . | . . . . Overflow Damage 19 | . . 4 15 Projectiles 16 | . . 4 12 Explosions . | . . . . Melee 3 | . . . 3 Knockbacks . | . . . . Impact . | . . . . Kinetic . | . . . . Secondary . | . . . . Self-Inflicted Damage . | . . . . Shots . | . . . . Rammed . | . . . . Targets Rammed . | . . . . Kicked . | . . . . Crushed . | . . . . Highest Temperature 270 | . 9 66 270 Average Temperature 48 | . 7 24 105 Received Heat Transfer 174 | . 69 105 . Siege Activations . | . . . . Robots Corrupted . | . . . . Combat Hostiles . | . . . . Parts Fried . | . . . . Impact Corruptions 2 | . . . 2 Robots Melted . | . . . . Combat Hostiles . | . . . . Parts Melted 1 | . . . 1 Heat Transferred 1221 | . . 666 555 Parts Sabotaged . | . . . . Parts Stolen . | . . . . Parts Stripped . | . . . . Power Chain Reactions . | . . . . Missiles Intercepted . | . . . . Alert | -11 -10 -9 -9 ------- Run | Scr Mat Mat Min Peak Influence 271 | . 200 271 87 Initial 84 | . . 84 27 Average 113 | . 112 151 57 Maximum Alert Level 1 | . 1 1 . Low Security (%) 84 | 100 87 76 100 Level 1 15 | . 12 23 . Level 2 . | . . . . Level 3 . | . . . . Level 4 . | . . . . Level 5 . | . . . . High Security . | . . . . Max Security . | . . . . Squads Dispatched 3 | . 1 2 . Investigation 1 | . 1 . . Extermination . | . . . . Reinforcement 2 | . . 2 . Assault . | . . . . Garrison . | . . . . Intercept . | . . . . Construction Impeded . | . . . . Haulers Reinforced . | . . . . Stealth | -11 -10 -9 -9 --------- Run | Scr Mat Mat Min Distress Signals 3 | . 1 2 . Communications Jammed . | . . . . Distress Signals . | . . . . Times Spotted 29 | . 10 13 6 Peak Tracking Total 4 | . 4 3 3 Tactical Retreats . | . . . . Traps | -11 -10 -9 -9 ------- Run | Scr Mat Mat Min Traps Triggered 1 | . 1 . . Indirectly . | . . . . Trap Hack Attempts . | . . . . Triggered . | . . . . Disarmed . | . . . . Reprogrammed . | . . . . Reused . | . . . . Traps Extracted . | . . . . Installed . | . . . . Triggered . | . . . . Machines | -11 -10 -9 -9 ---------- Run | Scr Mat Mat Min Machines Disabled . | . . . . Max in Single Turn . | . . . . Machines Sabotaged . | . . . . Garrisons Compromised . | . . . . Overloaded Fab Kills . | . . . . Fab Network Shutdowns . | . . . . Hacking | -11 -10 -9 -9 --------- Run | Scr Mat Mat Min Machines Accessed . | . . . . Terminals . | . . . . Fabricators . | . . . . Repair Stations . | . . . . Recycling Units . | . . . . Scanalyzers . | . . . . Garrison Access . | . . . . Total Hacks . | . . . . Successful . | . . . . Failed . | . . . . Catastrophic . | . . . . Database Lockouts . | . . . . Manual . | . . . . Terminals . | . . . . Fabricators . | . . . . Repair Stations . | . . . . Recycling Units . | . . . . Scanalyzers . | . . . . Garrison Access . | . . . . Terminal Hacks . | . . . . Fabricator Hacks . | . . . . Repair Station Hacks . | . . . . Recycling Unit Hacks . | . . . . Scanalyzer . | . . . . Garrison Access Hacks . | . . . . Unauthorized Hacks . | . . . . Terminals . | . . . . Fabricators . | . . . . Repair Stations . | . . . . Recycling Units . | . . . . Scanalyzers . | . . . . Garrison Access . | . . . . Data Cores Recovered . | . . . . Used . | . . . . Hacking Detections . | . . . . Full Trace Events . | . . . . Feedback Events . | . . . . Feedback Blocked . | . . . . Robot Schematics Acquired . | . . . . Robots Built . | . . . . Matter . | . . . . Time . | . . . . Total Robot Build Rating . | . . . . Part Schematics Acquired . | . . . . Parts Built . | . . . . Matter . | . . . . Time . | . . . . Total Part Build Rating . | . . . . Parts Repaired . | . . . . Time . | . . . . Parts Recycled . | . . . . Recycled Matter . | . . . . Retrieved Matter . | . . . . Retrieved Components . | . . . . Parts Scanalyzed . | . . . . Part Schematics Acquired . | . . . . Parts Damaged . | . . . . Bothacking | -11 -10 -9 -9 ------------ Run | Scr Mat Mat Min Used RIF Installer . | . . . . Robots Hacked . | . . . . Non-combat . | . . . . Combat . | . . . . Robot Hacks Applied . | . . . . Relay Couplers Released . | . . . . Robots Rewired . | . . . . Allies Hacked . | . . . . Hacks Repelled . | . . . . Allies | -11 -10 -9 -9 -------- Run | Scr Mat Mat Min Total Allies . | . . . . Largest Group . | . . . . Highest-Rated Group . | . . . . Highest-Rated Ally . | . . . . Total Orders . | . . . . Ally Attacks . | . . . . Total Damage . | . . . . Kills . | . . . . Allies Corrupted . | . . . . Allies Melted . | . . . . Intel | -11 -10 -9 -9 ------- Run | Scr Mat Mat Min Robot Analysis Total . | . . . . Derelict Logs Recovered . | . . . . Drone Launches . | . . . . Drone Recoveries . | . . . . Exploration | -11 -10 -9 -9 ------------- Run | Scr Mat Mat Min Turns Passed 977 | 113 340 459 65 Spaces Moved 502 | 83 201 213 5 Core 15 | 15 . . . Treads 10 | 10 . . . Legs 468 | 49 201 213 5 Wheels 9 | 9 . . . Hover . | . . . . Flight . | . . . . Fastest Speed 50 | 50 120 150 210 Average Speed 135 | 107 130 150 210 Slowest Speed 210 | 160 150 150 210 Overloaded Moves . | . . . . Propulsion Burnouts . | . . . . Robots Hopped . | . . . . Cave-ins Triggered . | . . . . Exploration Rate (%) 15 | 4 37 16 5 Regions Visited 3 Branch Regions 1 Pre-discovered Areas . | . . . . Known Exits Taken . | . . . . Unknown Exits Taken 3 | 1 1 1 . Scrap Searched . | . . . . Spaces Dug . | . . . . Terrain Destroyed . | . . . . Melee . | . . . . Projectile . | . . . . AOE . | . . . . Terrain Rammed . | . . . . Walls Destroyed . | . . . . Machines Disabled . | . . . . Actions | -11 -10 -9 -9 --------- Run | Scr Mat Mat Min Total 675 | 102 239 305 29 Wait 60 | . 7 53 . Move 499 | 82 200 212 5 Hop . | . . . . Pick Up 20 | 6 6 8 . Fast Attach 8 | 7 1 . . Attach 10 | 2 . 5 3 Detach 1 | . . 1 . Swap . | . . . . Drop 8 | 3 3 1 1 Fire 66 | 2 22 25 17 Melee 3 | . . . 3 Ram . | . . . . Kick . | . . . . Crush . | . . . . Escape Stasis . | . . . . Rewire . | . . . . Trap . | . . . . Miscellaneous . | . . . . Route ------- -11/Scrapyard -10/Materials -9/Materials -9/Mines History --------- Turn | Location | Event 11 | -11/Scrapyard | Discovered new exit (range 16) 114 | -11/Scrapyard | Entered Materials 317 | -10/Materials | Build established: Mutant 367 | -10/Materials | Discovered new exit (range 5) 454 | -10/Materials | Entered another Materials area 454 | -9/Materials | Evolved 2 slots: Utility x2 727 | -9/Materials | Discovered new exit (range 6) 913 | -9/Materials | Entered Mines 914 | -9/Mines | Assembled infested the area 954 | -9/Mines | Core integrity fell below 50% 962 | -9/Mines | Core integrity fell below 20% 978 | -9/Mines | Destroyed by as-75694 with Assembled Blade Last Messages --------------- 00931_ Acquired 15 matter. 00934_ Acquired 13 matter. 00936_ Acquired 12 matter. 00941_ Seismic Survey Station disabled. 00942_ Beam Cannon severed. 00945_ Aluminum Leg destroyed. 00947_ Beam Cannon destroyed. 00947_ Cld. Ion Engine destroyed. 00953_ Destroyed Asb. Hover Unit. 00953_ as-31091 system corrupted by crushing effect. 00956_ Destroyed Asb. Blade. 00956_ as-31091 system corrupted by crushing effect. 00956_ as-31091 destroyed. 00958_ Lrg. Matter Pod destroyed. 00959_ Identified Imp. Medium Laser. 00963_ ECM Suite destroyed. 00963_ System corrupted by crushing effect (+5). 00964_ Dropped Hvy. Hammer. 00966_ as-76370 destroyed. 00971_ Imp. Medium Laser destroyed. Map ----- +----------------------------------------------------+ | ????????????????????????????????? | | ????????????????????????????????? | | ????????????????????????????????? | | ????????????????????????????????? | | ????????????????????????????????? | | ????????????????????????????????? | | ????????????????????????????????? | | ????????????????????????????????? | | ????????????????????????????????? | | ????????????????????????????????? | | ????????????????????????????????? | | ????????????????????????????????? | | ????????????????????????????????? | | ????????????????????????????????? | | ????????????????????????????????? | | ????????????????????????????????? | | ????????????????????????????????? | | ????????????????????????????????? | | ????????????????????????????????? | | ??????####??????????????????????? | | ??????# ??????????????????????? | | ??????# ??????????????????????? | | ??????# #??????????????????????? | | ??##### ###????????????????????? | | ??# a%a #????????????????????? | | ??# @* #????????????????????? | | ??# / #????????????????????? | | ??# " " #????????????????????? | | ??# "" #????????????????????? | | ??# """ #????????????????????? | | ??# #????????????????????? | | ??# """ #????????????????????? | | ??# """ #????????????????????? | | ??# """ #????????????????????? | | ????? #????????????????????? | | ?????? #####????????????????????? | | ?????? ?????????????????????????? | | ?????? ?????????????????????????? | | ????????????????????????????????? | | ????????????????????????????????? | | ????????????????????????????????? | | ????????????????????????????????? | | ????????????????????????????????? | | ????????????????????????????????? | | ????????????????????????????????? | | ????????????????????????????????? | | ????????????????????????????????? | | ????????????????????????????????? | | ????????????????????????????????? | | ????????????????????????????????? | +----------------------------------------------------+ Best States ------------- Heat Dissipation 28 Energy Generation 14 Energy Capacity 280 Matter Stores 426 Matter Capacity 450 Sight Range 16 Terrain Scan Density 10 ECM Strength 1 Evasion (%) 44 Recoil Reduction 1 Item Schematics ----------------- None Robot Schematics ------------------ None Fabricated ------------ Nothing Alien Tech Used ----------------- None Achievements -------------- None Challenges ------------ None Game ------ Seed CannonDisruptorTreads Manual? 0 Play Time 00:07:18 Cumulative 5.6 hours Start 2021.09.12 @ 16:52:02 End 2021.09.12 @ 16:58:21 Sessions 1 Manual Loads 0 Difficulty Rogue Special Mode None Game No. 19 Rogue 19 Adventurer 0 Explorer 0 Win Type - Total 0 Types 0/0/0/0/0/0/0/0/0 Lore% 3 Gallery% 15 Achievement% 11 Wizard Run 0 Options --------- ASCII 0 Keyboard 0 Movement Arrows Keybinds 0 Fullscreen 1 Font 24/Smallcaps Map View 76x50 Tactical HUD 1 Map Filters NONE Filters NONE Steam 1 RUN: f7118beb-ff59-4fcf-a03a-ef1f6a24f85b